 Dungeon Crawl Stone Soup version 0.19-a0-872-g3103843 (webtiles) character file.

15185 Kurtz the Basher (level 11, -10/81 HPs)
             Began as a Mummy Berserker on July 3, 2016.
             Was a High Priest of Trog.
             Mangled by a komodo dragon (21 damage)
             ... on level 2 of the Lair of Beasts.
             The game lasted 00:18:58 (13175 turns).

Kurtz the Basher (Mummy Berserker)                 Turns: 13175, Time: 00:18:59

Health: -10/81     AC: 13    Str: 20    XL:     11   Next: 98%
Magic:  11/11      EV: 10    Int:  7    God:    Trog [*****.]
Gold:   99         SH:  0    Dex: 15    Spells: 0 memorised, 10 levels left

rFire  x . .     SeeInvis .     J - +9 great mace of the Trees {vamp, MR+}
rCold  + . .     Gourm    .     x - +0 chain mail
rNeg   + + +     Faith    .     (shield currently unavailable)
rPois  ∞         Spirit   .     j - +0 helmet
rElec  .         Dismiss  .     H - +0 cloak
rCorr  .         Reflect  .     (no gloves)
SustAt +         Harm     .     (no boots)
MR     ++...                    v - amulet of regeneration
Stlth  ..........               c - ring of sustain attributes
                                n - +2 ring of protection

@: very resistant to hostile enchantments, extremely unstealthy
A: no food or potions, fire vulnerability, cold resistance 1, negative energy
resistance 3, torment resistance, unbreathing
a: Trog's Hand, Brothers in Arms, Burn Spellbooks, Renounce Religion


You were on level 2 of the Lair of Beasts.
You worshipped Trog.
Trog was extremely pleased with you.
You were not hungry.

You visited 2 branches of the dungeon, and saw 12 of its levels.

You collected 99 gold pieces.

Inventory:

Hand Weapons
 a - a +0 mace
 r - a +0 flail
 w - the +12 glaive of Prune {chop}
   (You found it on level 7 of the Dungeon)

   It inflicts extra damage upon your enemies.
 y - a +1 flail of crushing
 E - the +8 whip of Miclipu {venom, rF- rN+ Str+6}
   (You took it off a centaur on level 8 of the Dungeon)

   It poisons the flesh of those it strikes.
   It affects your strength (+6).
   It makes you vulnerable to fire.
   It protects you from negative energy.
 I - a +0 dire flail
 J - the +9 great mace of the Trees (weapon) {vamp, MR+}
   (Trog gifted it to you on level 1 of the Lair of Beasts)

   It inflicts no extra harm, but heals its wielder somewhat when it strikes a
   living foe.
   It affects your resistance to hostile enchantments.
Missiles
 g - 6 tomahawks (quivered)
 t - 7 needles of sleeping
 z - a throwing net
 F - 6 tomahawks of returning
Armour
 b - a +0 animal skin
 f - a +0 leather armour
 h - a +0 plate armour
 j - a +0 helmet (worn)
 x - a +0 chain mail (worn)
 G - a +0 ring mail of magic resistance
 H - a +0 cloak (worn)
Jewellery
 c - a ring of sustain attributes (right hand)
 n - a +2 ring of protection (left hand)
 v - an amulet of regeneration (around neck)
 D - a +4 amulet of reflection
Wands
 d - a wand of iceblast (10/15)
 o - a wand of paralysis (8/24)
 q - a wand of paralysis (5/24)
 s - a wand of random effects (30/48)
 B - a wand of flame (28/48)
Scrolls
 e - 2 scrolls of fear
 i - 4 scrolls of blinking
 k - 2 scrolls of teleportation
 l - 6 scrolls of identify
 m - a scroll of enchant weapon
 p - 3 scrolls of recharging
 u - a scroll of random uselessness {unknown}
 C - 4 scrolls of remove curse
Books
 A - a book of Cantrips

   Spells                             Type                      Level
   a - Confusing Touch                Hexes                        1
   b - Animate Skeleton               Necromancy                   1
   c - Summon Small Mammal            Summoning                    1
   d - Apportation                    Translocation                1
   Trog disapproves of the use of such an item.


   Skills:
 + Level 6.0 Fighting
 * Level 14.2 Maces & Flails
 - Level 4.1 Armour
 - Level 5.1 Dodging


You had 10 spell levels left.
You didn't know any spells.

Dungeon Overview and Level Annotations

Branches:
Dungeon (10/15)            Temple (0/1) D:6            Lair (2/6) D:8
  Swamp: Lair:2-4    Shoals: Lair:2-4     Snake: Lair:2-4    Spider: Lair:2-4
    Orc: D:9-12

Altars:
Elyvilon
Fedhas
Gozag
Makhleb
Nemelex Xobeh
Okawaru
Uskayaw
Zin
The Shining One

Shops:
D:4 !   D:9 *

Annotations:
D:8 Maurice


Innate Abilities, Weirdness & Mutations

You do not eat or drink.
Your flesh is vulnerable to fire.
You are immune to poison.
Your flesh is cold resistant. (rC+)
You are immune to negative energy. (rN+++)
You are immune to unholy pain and torment.
You can survive without breathing.


Message History

You barely miss the komodo dragon.
The komodo dragon is heavily wounded.
The komodo dragon bites you.
You thump the komodo dragon!
The komodo dragon is severely wounded.
The komodo dragon hisses menacingly.
The komodo dragon closely misses you.
You closely miss the komodo dragon.
The komodo dragon is severely wounded.
The komodo dragon bites you!!
* * * LOW HITPOINT WARNING * * *
You are too injured to fight recklessly!
You are too injured to fight recklessly!
You are too injured to fight recklessly!
You are too injured to fight recklessly!
You are too injured to fight recklessly!
You are too injured to fight recklessly!
You are too injured to fight recklessly!
The komodo dragon bites you!!
You die...

## #.##### ###.#.P####
#.........#
##.........# ###
#..........###P####...
#.....l...##.<.....#
#.......@.....P###.##
#............###
##...%.....###
#..#P+P#.## ###...####
#...# #+.. ..


You could see a komodo dragon.

Vanquished Creatures
  Pikel (D:8)
  A black mamba (Lair:1)
  2 spiny frogs (Lair:1)
  A molten gargoyle (D:10)
  7 komodo dragons (Lair:1)
  2 centaurs
  Sigmund (D:6)
  7 spriggans (Lair:1)
  16 yaks (Lair:1)
  4 hippogriffs
  A hungry ghost (D:10)
  Menkaure (D:4)
  2 water moccasins (Lair:1)
  6 ice beasts
  7 porcupines (Lair:1)
  5 orc warriors
  3 sky beasts
  A slave (D:7)
  2 black bears
  Purgy (D:3)
  4 ogres
  An eye of draining (D:9)
  A wolf (Lair:1)
  5 crocodiles (Lair:1)
  5 big kobolds
  9 giant frogs
  4 scorpions
  6 killer bees (D:8)
  A howler monkey (D:5)
  7 crimson imps
  5 hounds
  2 jellies
  A centaur skeleton (D:9)
  7 orc wizards
  4 orc priests
  Crazy Yiuf (D:6)
  2 giant frog skeletons (D:9)
  4 iguanas
  4 worker ants
  5 sheep (Lair:1)
  2 hound skeletons
  2 worker ant zombies
  13 gnolls
  5 adders
  11 river rats (Lair:1)
  2 shadow imps (D:7)
  An ooze (D:6)
  An adder zombie (D:9)
  2 adder skeletons
  2 worms
  A dart slug (D:1)
  8 giant geckos
  38 orcs
  5 giant cockroaches
  27 goblins
  23 hobgoblins
  6 jackals
  2 quokkas
  3 ball pythons
  11 bats
  A giant cockroach zombie (D:6)
  A giant gecko skeleton (D:5)
  A giant gecko zombie (D:6)
  4 giant newts
  2 jackal skeletons
  14 kobolds
  6 rats
343 creatures vanquished.

Vanquished Creatures (collateral kills)
  2 hill giants (D:10)
  A molten gargoyle (D:10)
  Grinder (D:4)
  The ghost of rikpant the Poker, an amateur GrBe of Trog (D:4)
5 creatures vanquished.

Vanquished Creatures (others)
  2 slaves (D:8)
  A giant gecko (D:8)
  A fungus (Lair:1)
  A plant (Lair:1)
5 creatures vanquished.

Grand Total: 353 creatures vanquished

Notes
Turn   | Place    | Note
-------+----------+-------------------------------------------
     0 | D:1      | Kurtz the Mummy Berserker began the quest for the Orb.
     0 | D:1      | Reached XP level 1. HP: 18/18 MP: 1/1
     2 | D:1      | Noticed a demonspawn
     2 | D:1      | Noticed a gargoyle
     4 | D:1      | Noticed an elf
     4 | D:1      | Noticed a troll
     6 | D:1      | Noticed a vine stalker
     6 | D:1      | Noticed a merfolk
     8 | D:1      | Noticed a ghoul
     8 | D:1      | Noticed a formicid
    10 | D:1      | Noticed a draconian
    10 | D:1      | Noticed a minotaur
    12 | D:1      | Noticed a centaur
    12 | D:1      | Noticed a tengu
    14 | D:1      | Noticed a spriggan
    14 | D:1      | Noticed an ogre
    16 | D:1      | Noticed a demigod
    16 | D:1      | Noticed a felid
    18 | D:1      | Noticed a halfling
    20 | D:1      | Noticed a vampire
    22 | D:1      | Noticed a naga
    24 | D:1      | Noticed a human
    24 | D:1      | Noticed an octopode
    26 | D:1      | Noticed a dwarf
   444 | D:1      | Reached XP level 2. HP: 22/24 MP: 2/2
   470 | D:1      | Reached skill level 3 in Maces & Flails
   575 | D:1      | Reached ** piety under Trog
  1066 | D:2      | Reached XP level 3. HP: 24/29 MP: 3/3
  1582 | D:3      | Reached XP level 4. HP: 30/35 MP: 4/4
  1630 | D:3      | Reached *** piety under Trog
  1638 | D:3      | Reached skill level 4 in Maces & Flails
  1722 | D:3      | Noticed a big kobold
  1733 | D:3      | Reached XP level 5. HP: 23/42 MP: 5/5
  1773 | D:3      | Reached skill level 5 in Maces & Flails
  1773 | D:3      | Reached XP level 6. HP: 17/48 MP: 6/6
  2355 | D:3      | Noticed Purgy
  2368 | D:3      | Killed Purgy
  2430 | D:3      | Reached **** piety under Trog
  2702 | D:4      | Noticed Grinder
  2704 | D:4      | Noticed rikpant's ghost (amateur GrBe)
  2731 | D:4      | Killed rikpant's ghost
  2731 | D:4      | Reached XP level 7. HP: 28/55 MP: 7/7
  2734 | D:4      | Killed Grinder
  2734 | D:4      | Reached skill level 5 in Fighting
  2734 | D:4      | Reached skill level 6 in Maces & Flails
  3007 | D:4      | Noticed Menkaure
  3019 | D:4      | Killed Menkaure
  3245 | D:4      | Found a sparkling altar of Nemelex Xobeh.
  3304 | D:4      | Found Enoufu's Distillery.
  3384 | D:5      | Entered Level 5 of the Dungeon
  3549 | D:5      | Found a sparkling altar of Nemelex Xobeh.
  3670 | D:5      | Reached skill level 7 in Maces & Flails
  3734 | D:5      | Reached XP level 8. HP: 36/64 MP: 8/8
  4807 | D:6      | Found a staircase to the Ecumenical Temple.
  4822 | D:6      | Found an iron altar of Okawaru.
  4853 | D:6      | Noticed Sigmund
  5149 | D:6      | Reached skill level 8 in Maces & Flails
  5797 | D:6      | Received a gift from Trog
  6322 | D:6      | Found a runed door.
  6494 | D:6      | Reached skill level 9 in Maces & Flails
  6618 | D:6      | Reached XP level 9. HP: 65/69 MP: 9/9
  6714 | D:6      | Killed Sigmund
  6984 | D:6      | Noticed Crazy Yiuf
  6987 | D:6      | Killed Crazy Yiuf
  7586 | D:7      | Found a blossoming altar of Fedhas.
  7586 | D:7      | Found a hide-covered altar of Uskayaw.
  7611 | D:7      | Found a glowing golden altar of the Shining One.
  7669 | D:7      | Noticed an angel
  7670 | D:7      | Found a glowing silver altar of Zin.
  7745 | D:7      | Reached skill level 10 in Maces & Flails
  8331 | D:8      | Noticed Maurice
  8412 | D:8      | Noticed Pikel
  8547 | D:8      | Killed Pikel
  9185 | D:8      | Reached ***** piety under Trog
  9346 | D:8      | Found a staircase to the Lair.
  9368 | D:8      | Found an opulent altar of Gozag.
  9403 | D:8      | Found a white marble altar of Elyvilon.
  9409 | D:8      | Reached skill level 11 in Maces & Flails
  9471 | D:8      | Reached XP level 10. HP: 49/76 MP: 10/10
  9474 | D:8      | Got an uncursed steaming whip {venom}
  9475 | D:8      | Identified the +8 whip of Miclipu {venom, rF- rN+ Str+6} (You took it off a centaur on level 8 of the Dungeon)
  9653 | D:8      | Found a burning altar of Makhleb.
 10522 | D:9      | Reached skill level 12 in Maces & Flails
 10542 | D:9      | Received a gift from Trog
 11186 | D:9      | Found Tupt's Assorted Antiques.
 11219 | D:10     | Entered Level 10 of the Dungeon
 11254 | D:10     | Noticed a hill giant
 11292 | D:10     | Killed a hill giant
 11304 | D:10     | Noticed a molten gargoyle
 11308 | D:10     | Noticed a hill giant
 11310 | D:10     | Noticed a molten gargoyle
 11310 | D:10     | Killed a molten gargoyle
 11314 | D:10     | Killed a hill giant
 11318 | D:10     | Killed a molten gargoyle
 11322 | D:10     | HP: 3/76 [orc priest/divine providence (11)]
 11579 | Lair:1   | Entered Level 1 of the Lair of Beasts
 11639 | Lair:1   | Reached skill level 5 in Dodging
 11639 | Lair:1   | Reached XP level 11. HP: 67/81 MP: 11/11
 12068 | Lair:1   | Reached skill level 13 in Maces & Flails
 12261 | Lair:1   | Received a gift from Trog
 12272 | Lair:1   | Got an ichor-stained great mace {god gift}
 12273 | Lair:1   | Identified the +9 great mace of the Trees {vamp, MR+} (Trog gifted it to you on level 1 of the Lair of Beasts)
 12947 | Lair:1   | Reached skill level 14 in Maces & Flails
 13175 | Lair:2   | Mangled by a komodo dragon

Vault maps used:
D:1:      kb_arrival_jail, minivault_23
D:2:      serial_glass, glass_columns_b, glass_columns_a
D:3:      minmay_goblin_kobold_castle, uniq_purgy
D:4:      nemelex_altar_shiori, serial_shops, shop, uniq_grinder, uniq_menkaure
D:5:      first_bread, nemelex_diamond_rough_becter
D:6:      okawaru_gym_becter, uniq_crazy_yiuf_cottage, uniq_sigmund
D:7:      zin_angel, gammafunk_temple_overflow_wave,
          nicolae_overflow_crystal_walls
D:8:      kennysheep_mini_moat, makhleb_heckhound_becter, lair_0_dummy,
          blue_anna_alchemist, elyvilon_altar_5, uniq_maurice, uniq_pikel
D:9:      serial_shops, kennysheep_mini, kennysheep_generic_room_12
D:10:     david_orc_3, minivault_8
Lair:1:   kb_forest_paths, beast_lair_carwin_6
Lair:2:   serial_bayou_shore_a, bh_autumn_forest_stairs, lemuel_fruit_fields

Skill      XL: |  1  2  3  4  5  6  7  8  9 10 11 |
---------------+----------------------------------+-----
Maces & Flails | 3 4 5 7 9 11 12 14 | 14.2
Fighting       | 4 5 6 |  6.0
Dodging        | 2 3 5 |  5.1
Armour         | 4 |  4.1

Action                   |  1- 3 |  4- 6 |  7- 9 | 10-12 || total
-------------------------+-------+-------+-------+-------++-------
Melee: Mace              |    18 |       |       |       ||    18
       Whip              |    78 |   190 |   154 |    29 ||   451
       Flail             |       |       |   436 |   234 ||   670
       Dire flail        |       |       |       |   188 ||   188
       Great mace        |       |       |       |   148 ||   148
Throw: Throwing net      |       |     1 |       |       ||     1
       Tomahawk          |       |       |     8 |     3 ||    11
Invok: Trog's Hand       |       |     2 |     1 |       ||     3
       Brothers in Arms  |       |     1 |       |     1 ||     2
Evoke: Wand              |       |       |     3 |     1 ||     4
  Use: Scroll            |       |       |     6 |       ||     6
 Stab: Sleeping          |     1 |       |       |       ||     1
       Held in net/web   |       |     1 |       |       ||     1
       Paralysed         |       |       |     4 |       ||     4
       Invisible         |       |       |     1 |       ||     1
Armor: Animal skin       |    10 |       |       |       ||    10
       Plate armour      |    47 |   200 |   241 |       ||   488
       Leather armour    |     1 |       |       |       ||     1
       Chain mail        |       |       |    86 |   281 ||   367
Dodge: Dodged            |    60 |    91 |   203 |   238 ||   592
